 Dungeon Crawl Stone Soup version 0.21-a0-221-gfe971b9 (webtiles) character file.

9 Moloch the Magician (level 2, 19/19 HPs)
             Began as a Demonspawn Wizard on Aug 25, 2017.
             Quit the game on level 1 of the Dungeon.
             The game lasted 00:00:56 (767 turns).

Moloch the Magician (Demonspawn Wizard)              Turns: 767, Time: 00:00:56

Health: 19/19      AC:  3    Str:  7    XL:     2   Next: 6%
Magic:  6/6        EV: 12    Int: 19    God:
Gold:   9          SH:  0    Dex: 11    Spells: 6/7 levels left

rFire    . . .     SeeInvis .   h - +0 club
rCold    . . .     Gourm    .   (no shield)
rNeg     . . .     Faith    .   a - +0 robe
rPois    .         Spirit   +   b - +0 hat
rElec    .         Reflect  .   g - +0 cloak
rCorr    .         Harm     .   (no gloves)
MR       .....                  (no boots)
Stlth    ++........             (no amulet)
HPRegen  0.06/turn              (no ring)
MPRegen  0.10/turn              (no ring)

@: no status effects
A: magic shield
a: no special abilities


You were on level 1 of the Dungeon.
You were not hungry.

You visited 1 branch of the dungeon, and saw 1 of its levels.

You collected 9 gold pieces.

Inventory:

Hand Weapons
 h - a +0 club (weapon)
Armour
 a - a +0 robe (worn)
 b - a +0 hat (worn)
 g - a +0 cloak (worn)
Scrolls
 e - a scroll of identify {unknown}
Potions
 f - a potion of mutation {unknown}
 i - a potion of agility {unknown}
Books
 c - a book of Minor Magic

   Spells                             Type                      Level
   a - Magic Dart                     Conjuration                  1
   b - Blink                          Translocation                2
   c - Call Imp                       Summoning                    2
   d - Slow                           Hexes                        2
   e - Conjure Flame                  Conjuration/Fire             3
   f - Mephitic Cloud                 Conjuration/Poison/Air       3
Comestibles
 d - a bread ration


   Skills:
 - Level 1.7 Dodging
 - Level 1.7 Stealth
 - Level 3.0 Spellcasting
 + Level 2.1 Conjurations
   Level 1.0 Summonings
   Level 0.8 Translocations


You had 6 spell levels left.
You knew the following spells:

 Your Spells              Type           Power        Failure   Level  Hunger
a - Magic Dart            Conj           ##..         6%          1    None


Dungeon Overview and Level Annotations

Branches:
Dungeon (1/15)

Altars:


Innate Abilities, Weirdness & Mutations

When hurt, damage is shared between your health and your magic reserves.


Message History

There is a staircase leading out of the dungeon here.
You open the door.
There is an open door here.
Your magical contamination has completely faded away.
You open the door.
A leopard gecko comes into view.
The leopard gecko hisses angrily.
Found a leather armour.
There is an open door here.
The leopard gecko barely misses you. The leopard gecko closely misses you.
You close the door.
The leopard gecko closely misses you.
You hit the leopard gecko.
The leopard gecko is almost dead.
The leopard gecko misses you.
You hit the leopard gecko.
You kill the leopard gecko!
You have reached level 2!
Your demonic ancestry asserts itself...
You feel your magical essence form a protective shroud around your flesh.
Are you sure you want to abandon this character and quit the game? (Confirm with "yes".)

.....##############
....................
....w).............#
#w...#..<..........#
.........##'####...#
##.###...##...##...###
##.......#.###.#.....+
.........#. #.#...#
.........#. #.+@..#
.........##...##...#
.........#######...#
.....................
.....##................
#####...................
### #.#.#.##....###.....
..###.#.#.##.... ..[..
..รท........+ ...


There were no monsters in sight!

Vanquished Creatures
  A leopard gecko (D:1)
  3 goblins (D:1)
  A hobgoblin (D:1)
  A ball python (D:1)
  A bat (D:1)
  A rat (D:1)
8 creatures vanquished.

Notes
Turn   | Place    | Note
-------+----------+-------------------------------------------
     0 | D:1      | Moloch the Demonspawn Wizard began the quest for the Orb.
     0 | D:1      | Reached XP level 1. HP: 13/13 MP: 4/4
   766 | D:1      | Gained mutation: When hurt, damage is shared between your health and your magic reserves. [demonic ancestry]
   766 | D:1      | Reached XP level 2. HP: 19/19 MP: 6/6
   767 | D:1      | Quit the game

Vault maps used:
D:1:      minmay_arrival_stone_box, serial_corexii_hall, corexii_hall_statues_u,
          corexii_hall_statues_x, minmay_misc_feat_enclosed

Skill      XL: |  1 |
---------------+----+-----
Conjurations   | 2 |  2.1
Dodging        | |  1.7
Stealth        | |  1.7
Spellcasting   | |  3.0
Summonings     | |  1.0
Translocations | |  0.8

Action                   || total
-------------------------++-------
Melee: Club              ||     5
 Cast: Magic Dart        ||    18
Dodge: Dodged            ||     5

Table legend:
 A = Spawn XP
 B = Non-spawn XP
 C = Spawn XP percentage of total XP
 D = Spawn monster count
 E = Non-spawn monster count
 F = Spawn count percentage of total count
 G = Total turns spent on level
                    A         B        C        D         E        F      G
               +---------+---------+-------+---------+---------+-------+---------
         Total |       2 |      12 |  14.3 |       1 |       7 |  12.5 |   767
               +---------+---------+-------+---------+---------+-------+---------
           D:1 |       2 |      12 |  14.3 |       1 |       7 |  12.5 |   767
               +---------+---------+-------+---------+---------+-------+---------
